General information
- name: grudge23
- type: Ladder 1vs1/FFA
- host: BEAR_AND
- saver: BEAR_AND
map: EchoIcicles
- players: 7
- length: 15:40
- speed: Fast
- version: 1.21 W3XP
- replay type:

» download(72 KB)
Players
team 1 (winner)
WWGT]Maxx (
dark-green | 243 APM | 3806 actions | 15:40)
4 Blademaster
2 Wind Walk
2 Critical Strike
4 Tauren Chieftain
2 Shockwave
2 Endurance Aura
» actions
| Assign group hotkey | 55 | |
| Basic commands | 431 | |
| Build / train | 52 | |
| Enter build submenu | 14 | |
| Enter hero's abilities submenu | 8 | |
| Give item / drop item | 2 | |
| Right click | 1320 | |
| Select / deselect | 313 | |
| Select group hotkey | 1531 | |
| Use ability | 80 | |
3806 total
» units
| Peon | 8 | |
| Grunt | 8 | |
| Raider | 10 | |
| Spirit Walker | 1 | |
27 total
» upgrades
| Berserker Strength | 1 | |
| Ensnare | 1 | |
| Pillage | 1 | |
| Spirit Walker Training | 1 | |
4 total
» buildings
| Altar of Storms | 1 | |
| Orc Burrow | 6 | |
| Barracks | 1 | |
| Stronghold | 2 | |
| Voodoo Lounge | 1 | |
| Beastiary | 2 | |
| War Mill | 1 | |
| Spirit Lodge | 1 | |
15 total
» build order
00:05 Altar of Storms
00:15 Orc Burrow
00:49 Barracks
01:29 Orc Burrow
02:41 Stronghold
03:10 Voodoo Lounge
03:44 Orc Burrow
05:35 Beastiary
05:37 Beastiary
06:09 Orc Burrow
08:47 Orc Burrow
09:10 War Mill
11:42 Orc Burrow
12:15 Spirit Lodge
» items
| Dust of Appearance | 1 | |
| Lesser Clarity Potion | 2 | |
| Healing Salve | 4 | |
| Potion of Healing | 1 | |
| Potion of Mana | 1 | |
9 total
team 2 (loser)
WWGT]AmoRA (
pink | 119 APM | 1863 actions | 15:39)
4 Demon Hunter
2 Mana Burn
2 Evasion
2 Beastmaster
1 Summon Quilbeast
1 Summon Hawk
» actions
| Assign group hotkey | 24 | |
| Basic commands | 11 | |
| Build / train | 52 | |
| ESC pressed | 2 | |
| Enter build submenu | 15 | |
| Enter hero's abilities submenu | 6 | |
| Right click | 979 | |
| Select / deselect | 290 | |
| Select group hotkey | 434 | |
| Use ability | 50 | |
1863 total
» units
| Wisp | 14 | |
| Archer | 10 | |
| Druid of the Talon | 6 | |
| Chimaera | 4 | |
34 total
» upgrades
| Improved Bows | 1 | |
| Druid of the Talon Training | 2 | |
3 total
» buildings
| Altar of Elders | 1 | |
| Moon Well | 7 | |
| Ancient of War | 1 | |
| Tree of Ages | 1 | |
| Ancient of Wonders | 1 | |
| Ancient of Wind | 3 | |
| Tree of Eternity | 1 | |
| Chimaera Roost | 1 | |
| Tree of Life | 1 | |
17 total
» build order
00:09 Altar of Elders
00:19 Moon Well
00:48 Ancient of War
01:29 Moon Well
02:48 Tree of Ages
03:31 Moon Well
03:54 Ancient of Wonders
04:45 Moon Well
06:04 Ancient of Wind
06:08 Ancient of Wind
06:34 Moon Well
07:42 Ancient of Wind
07:54 Tree of Eternity
09:36 Moon Well
09:41 Moon Well
11:20 Chimaera Roost
11:25 Tree of Life
» items
| Staff of Preservation | 2 | |
| Scroll of Healing | 2 | |
4 total
observersBEAR_AND,
KeKeZergRush,
geggles,
NOMORELEFT,
royceroyce2001 Chat log
(00:04 / Observers) royceroyce2001: who won first game?
(00:07 / Observers) BEAR_AND: maxx
(00:09 / Observers) KeKeZergRush: max
(00:12 / Observers) BEAR_AND: with a t2 tower push
(00:27 / Observers) royceroyce2001: christmas tourny still going on on jan 19th
(00:37 / Observers) BEAR_AND: it's "Wintertime Warcraft Grudge Tournament"
(00:37 / Observers) geggles: happy holidays
(00:38 / Observers) royceroyce2001: is this finals or semis?
(00:47 / Observers) BEAR_AND: quarter v_____________________v
(00:51 / Observers) royceroyce2001: fuk
(01:02 / Observers) BEAR_AND: amora was mia for like 3 weeks
(01:07 / Observers) BEAR_AND: then i got banned
(02:01 / Observers) royceroyce2001: was maxx orc last time or hu?
(02:03 / Observers) BEAR_AND: hu
(02:04 / Observers) KeKeZergRush: hu
(02:18 / Observers) royceroyce2001: ic...must be trying something new
(02:26 / Observers) BEAR_AND: burn this.....bitch
(02:31 / Observers) BEAR_AND: im invisible
(02:49 / Observers) BEAR_AND: Psyche
(04:11 / Observers) BEAR_AND: no hh...forgetful, or dotts
(06:16 / Observers) BEAR_AND: what is he doing with double beast
(06:27 / Observers) KeKeZergRush: kodo rush
(06:32 / Observers) BEAR_AND: no, not that
(06:35 / Observers) KeKeZergRush: speed scroll and devour
(06:38 / Observers) geggles: mass bat assault hopefully
(06:56 / Observers) BEAR_AND: haha winds getting cancelled. i think dg wins
(08:13 / Observers) BEAR_AND: why is he creeping.
(10:35 / Observers) royceroyce2001: no tp for rage
(10:37 / Observers) royceroyce2001: what is he to do
(10:44 / Observers) royceroyce2001: i guess kill all the stuff
(10:46 / Observers) BEAR_AND: oh my god
(10:47 / Observers) royceroyce2001: oic
(10:54 / Observers) BEAR_AND: ensNSRE
(10:58 / Observers) BEAR_AND: holy cow
(11:04 / Observers) BEAR_AND: 7hp
(12:31 / Observers) BEAR_AND: faerie fire "heey hEEeeY im going to attack your base, get ready"
(14:07 / Observers) BEAR_AND: chim in 5
(15:37 / All) WWGT]AmoRA: gg
(15:39 / All) WWGT]Maxx: gg